 Dungeon Crawl Stone Soup version 0.30-a0-737-gf23d94013f (webtiles) character file.

Game seed: 11925645245262030152

53 Pooter the Poker (level 3, -1/29 HPs)
             Began as a Demonspawn Berserker on Feb 2, 2023.
             Was a Follower of Trog.
             Slain by an orc wizard
             ... wielding a +0 dagger
              (3 damage)
             ... on level 2 of the Dungeon.
             The game lasted 00:07:48 (1914 turns).

Pooter the Poker (Demonspawn Berserker)             Turns: 1914, Time: 00:07:49

Health: -1/29      AC:  3    Str: 19    XL:     3   Next: 64%
Magic:  3/3        EV: 12    Int:  8    God:    Trog [*.....]
Gold:   74         SH:  0    Dex: 12    Spells: 2/2 levels left

rFire   . . .      SeeInvis .    a - +0 spear
rCold   . . .      Faith    .    (no shield)
rNeg    + . .      Spirit   .    g - +0 animal skin
rPois   .          Reflect  .    (helmet restricted)
rElec   .          Harm     .    h - +0 cloak
rCorr   .          Rampage  .    (no gloves)
Will    .....                    (no boots)
Stlth   ++                       (no amulet)
HPRegen 0.24/turn                N - ring of positive energy
MPRegen 0.08/turn                (no ring)

@: no status effects
A: antennae 1, sturdy frame 1
a: Renounce Religion, Berserk


You were on level 2 of the Dungeon.
You worshipped Trog.
Trog was aware of your devotion.
You visited 1 branch of the dungeon, and saw 2 of its levels.

You collected 74 gold pieces.

Inventory:

Hand Weapons
 a - a +0 spear (weapon)
 b - a +0 sling
   (You found it on level 1 of the Dungeon)
 k - a +0 hand axe
   (You found it on level 2 of the Dungeon)
Missiles
 j - 3 poisoned darts
 Q - 20 stones (quivered)
Armour
 g - a +0 animal skin (worn)
 h - a +0 cloak (worn)
   (You found it on level 2 of the Dungeon)
Jewellery
 N - a ring of positive energy (left hand)
   (You found it on level 2 of the Dungeon)
Potions
 c - a potion of haste {@q3}
 d - a potion of curing {unknown}
 e - a potion of heal wounds {unknown}
 f - a potion of might


   Skills:
 + Level 3.3 Fighting
 * Level 3.4 Polearms
 - Level 1.7 Armour
 + Level 2.2 Dodging
 + Level 1.2 Stealth


You had 2 spell levels left.
You didn't know any spells.
Your spell library was empty.

Dungeon Overview and Level Annotations

Branches:
Dungeon (2/15)

Altars:

Annotations:
D:2 Robin


Innate Abilities, Weirdness & Mutations

You have a pair of small antennae on your head.
Your movements are slightly less encumbered by armour. (ER -2)


Message History

A nearby plant withers and dies.
You see here a ring of wizardry.
Found a +0 animal skin.
An orc priest comes into view. It is wielding a +0 club.
Throw: 6 darts (poison)
Aim: an orc priest, wielding a +0 club (asleep, 98% to hit)
You throw a poisoned dart. The poisoned dart hits the orc priest.
The orc priest is poisoned.
The orc priest shouts!
An orc wizard comes into view. It is wielding a +0 dagger.
Your skin crawls.
You feel strong-willed.
You can no longer call upon Trog for regeneration and willpower.
An orc comes into view. It is wielding a +0 flail.
The orc priest casts a cantrip, but nothing happens.
Throw: 5 darts (poison)
Aim: an orc priest, wielding a +0 club (lightly wounded, poisoned, 57% to hit)
You throw a poisoned dart.
The poisoned dart barely misses the orc priest.
The orc shouts!
Throw: 4 darts (poison)
Aim: an orc priest, wielding a +0 club (lightly wounded, poisoned, 57% to hit)
You throw a poisoned dart.
The poisoned dart closely misses the orc priest.
The poisoned dart hits the orc.
The orc is poisoned.
An orc priest comes into view. It is wielding a +0 whip.
The orc priest looks more healthy.
a - a +0 spear (weapon)
You feel the effects of Trog's Hand fading.
Okay, then.
You hit the orc wizard but do no damage.
The orc wizard hits you with a +0 dagger.
You hit the orc wizard. The orc wizard misses you.
You closely miss the orc wizard.
Your skin stops crawling.
You feel less strong-willed.
The orc wizard hits you with a +0 dagger.
You hit the orc wizard. The orc wizard closely misses you.
You fail to use your ability.
The orc hits you with a +0 flail.
The orc priest begins to cast a cantrip, but forgets the words!
The orc wizard hits you with a +0 dagger.
You barely miss the orc wizard. The orc hits you with a +0 flail!
* * * LOW HITPOINT WARNING * * *
The orc priest barely misses you.
The orc wizard hits you but does no damage.
You closely miss the orc wizard. The orc priest closely misses you.
The orc priest invokes the aid of Beogh against you.
Beogh smites you!
* * * LOW HITPOINT WARNING * * *
The orc wizard hits you with a +0 dagger.
You die...

..........### #.....##
............##########....##
..........#..............##
...........#####.......#
#.#.######.# #.......# ....#
#o#####.......# ..###
#....####[##### #.#
####.####.### #.#
#..o.@o...# ..# #...oo..(.#
.## #........(# .#
#.........# ## #.........# #
#.........# ###########


You could see 2 orc priests, an orc wizard and an orc.

Vanquished Creatures
  An adder (D:2)
  5 ball pythons
  4 endoplasms
  2 giant cockroaches (D:1)
  5 goblins
  7 hobgoblins
  4 jackals (D:2)
  2 quokkas
  5 bats
  A frilled lizard (D:1)
  A kobold (D:1)
  A rat (D:1)
38 creatures vanquished.

Vanquished Creatures (others)
  10 plants (D:2)
10 creatures vanquished.

Grand Total: 48 creatures vanquished

Notes
Turn   | Place    | Note
-------+----------+-------------------------------------------
     0 | D:1      | Pooter the Demonspawn Berserker began the quest for the
                  | Orb.
     0 | D:1      | Reached XP level 1. HP: 18/18 MP: 1/1
   130 | D:1      | Gained mutation: You have a pair of small antennae on your
                  | head. [demonic ancestry]
   130 | D:1      | Reached XP level 2. HP: 19/24 MP: 2/2
   267 | D:1      | Found a faded altar of an unknown god.
   839 | D:2      | Gained mutation: Your movements are slightly less
                  | encumbered by armour. (ER -2) [demonic ancestry]
   839 | D:2      | Reached XP level 3. HP: 29/29 MP: 3/3
   841 | D:2      | Reached skill level 1 in Stealth
   841 | D:2      | Noticed Robin
   872 | D:2      | Reached ** piety under Trog
  1914 | D:2      | Slain by an orc wizard

Illustrated notes

Levels and vault maps discovered:
D:1:      onia_arrival_mini_spirals, layout_loops_ring,
          shapermc_ecumenical_altar_venn
D:2:      layout_rooms, minivault_5, wad_woods_river_04, st_stairs_3,
          minmay_parallelograms, uniq_robin

Skill      XL: |  1  2  3 |
---------------+----------+-----
Dodging        | 2 |  2.2
Polearms       | 3 |  3.4
Stealth        | 1 |  1.2
Fighting       | |  3.3
Armour         | |  1.7

Action                     || total
---------------------------++-------
  Melee: Spear             ||   108
         Punch             ||     3
   Fire: Sling             ||    14
  Throw: Dart              ||     3
 Invoke: Berserk           ||     1
         Trog's Hand       ||     1
    Use: Scroll            ||     2
   Stab: Sleeping          ||     1
 Armour: Animal skin       ||    23
  Dodge: Dodged            ||    53

Table legend: (Time is in decaauts)
 A = Elapsed time spent in this place.
 B = Non-inter-level travel time spent in this place.
 C = Inter-level travel time spent in this place.
 D = Time resting spent in this place.
 E = Time spent auto-exploring this place.
 F = Levels seen in this place.
 G = Mean time per level.
                   A        B        C        D        E       F      G
               +--------+--------+--------+--------+--------+-----+--------+
         Total |   1914 |   1844 |     70 |    583 |    940 |   2 |  957.0 |
       Dungeon |   1914 |   1844 |     70 |    583 |    940 |   2 |  957.0 |
               +--------+--------+--------+--------+--------+-----+--------+

Top non-repeatable levels by time:
     D:2: 1203 daAuts
     D:1: 710 daAuts
